 Dungeon Crawl Stone Soup version 0.23.0-42-geed6394 (webtiles) character file.

Game seed: 5515078555185816284

193224 Hasart the Sorcerer (level 18, -13/94 HPs)
             Began as a Deep Elf Earth Elementalist on Feb 28, 2019.
             Was the Champion of Vehumet.
             Shot with an arrow by a deep elf master archer (33 damage)
             ... on level 3 of the Elven Halls.
             The game lasted 02:12:54 (44347 turns).

Hasart the Sorcerer (Deep Elf Earth Elementalist)  Turns: 44347, Time: 02:12:54

Health: -13/94     AC:  5    Str: 11    XL:     18   Next: 6%
Magic:  37/45      EV: 20    Int: 33    God:    Vehumet [******]
Gold:   2884       SH:  6    Dex: 17    Spells: 34/59 levels left

rFire    + + .     SeeInvis .   S - +11 hand axe "Hoany" {flame, *Noise Str+6 Int+2 Stlth+}
rCold    + . .     Gourm    .   w - +0 buckler
rNeg     . . .     Faith    .   y - +2 robe {Archmagi}
rPois    +         Spirit   .   A - +2 hat
rElec    .         Reflect  .   (no cloak)
rCorr    .         Harm     .   l - -2 pair of gloves "Buossop" {rPois rF++ Int+2 Dex+2}
MR       +....                  (no boots)
Stlth    +++.......             F - amulet of regeneration
HPRegen  0.65/turn              z - +1 ring of evasion
MPRegen  0.29/turn              b - ring of protection from cold

@: very slightly contaminated
A: no striking features
a: Renounce Religion


You were on level 3 of the Elven Halls.
You worshipped Vehumet.
Vehumet was exalted by your worship.
You were not hungry.

You visited 6 branches of the dungeon, and saw 28 of its levels.

You collected 3217 gold pieces.
You spent 333 gold pieces at shops.

Inventory:

Hand Weapons
 s - the +1 longbow of Destruction {freeze, +Inv Str-2 SInv}
   (You found it on level 4 of the Lair of Beasts)

   It causes projectiles fired from it to freeze those they strike, causing
   extra injury to most foes and up to half again as much damage against
   particularly susceptible opponents.
   They can also slow down cold-blooded creatures.
   It affects your strength (-2).
   It lets you see invisible.
   It lets you turn invisible.
 S - the +11 hand axe "Hoany" (weapon) {flame, *Noise Str+6 Int+2 Stlth+}
   (You bought it in a shop on level 2 of the Orcish Mines)

   It has been specially enchanted to burn those struck by it, causing extra
   injury to most foes and up to half again as much damage against particularly
   susceptible opponents.
   Big, fiery blades are also staple armaments of hydra-hunters.
   It affects your strength (+6).
   It affects your intelligence (+2).
   It may make noises in combat.
   It makes you more stealthy.
Missiles
 t - 788 stones (quivered)
Armour
 f - the +1 ring mail of Distant Worlds {rC+++ Dex-4}
   (You found it on level 7 of the Dungeon)

   It affects your dexterity (-4).
   It renders you almost immune to cold.
 l - the -2 pair of gloves "Buossop" (worn) {rPois rF++ Int+2 Dex+2}
   (You found it on level 11 of the Dungeon)

   It affects your intelligence (+2).
   It affects your dexterity (+2).
   It greatly protects you from fire.
   It protects you from poison.
 w - a +0 buckler (worn)
 y - a +2 robe of the Archmagi (worn)
 A - a +2 hat (worn)
 N - a +2 robe of cold resistance
 Z - +0 acid dragon scales
Magical Staves
 I - an uncursed staff of wizardry
 X - an uncursed staff of air
Jewellery
 b - a ring of protection from cold (right hand)
 z - a +1 ring of evasion (left hand)
 B - a +2 amulet of reflection {unknown}
 F - an amulet of regeneration (around neck)
 J - an uncursed ring of fire {unknown}
Wands
 E - a wand of scattershot (12)
 G - a wand of disintegration (11)
 L - a wand of iceblast (33)
 Y - a wand of paralysis (15)
Scrolls
 e - 16 scrolls of identify
 i - 3 scrolls of fog
 j - 5 scrolls of magic mapping
 m - 2 scrolls of silence
 o - 9 scrolls of amnesia
 p - 10 scrolls of remove curse
 q - 7 scrolls of teleportation
 u - 4 scrolls of fear
 C - 6 scrolls of enchant weapon
 H - 5 scrolls of enchant armour
 K - a scroll of brand weapon
 U - a scroll of torment {unknown}
Potions
 a - 3 potions of mutation
 c - 4 potions of might
 g - 10 potions of curing
 h - a potion of agility
 k - a potion of cancellation
 r - 2 potions of ambrosia
 x - a potion of brilliance
 D - 4 potions of haste
 P - 2 potions of heal wounds
 V - a potion of flight
Miscellaneous
 W - a fan of gales
Comestibles
 d - 56 rations


   Skills:
 - Level 4.0 Fighting
 - Level 10.0 Dodging
 - Level 2.4 Stealth
 - Level 7.0 Shields
 + Level 21.2 Spellcasting
 + Level 16.7 Conjurations
   Level 1.1 Transmutations
 - Level 8.0 Fire Magic
 * Level 18.8 Earth Magic
 - Level 5.0 Evocations


You had 34 spell levels left.
You knew the following spells:

 Your Spells              Type           Power        Failure   Level  Hunger
a - Stone Arrow           Conj/Erth      ######       0%          3    None
b - Sandblast             Erth           ######       0%          1    None
c - Lee's Rapid Deconstr  Erth           ########..   0%          5    None
d - Mephitic Cloud        Conj/Pois/Air  #######.     1%          3    None
e - Bolt of Magma         Conj/Fire/Erth ########..   1%          5    None
f - Blink                 Tloc           N/A          1%          2    None
s - Iron Shot             Conj/Erth      ########..   1%          6    None

Your spell library contained the following spells:

 Spells                   Type           Power        Failure   Level  Hunger
 Bolt of Cold             Conj/Ice       #######...   1%          6    None
 Magic Dart               Conj           ####         0%          1    None
 Conjure Flame            Conj/Fire      ########     0%          3    None
 Animate Skeleton         Necr           N/A          1%          1    None
 Apportation              Tloc           ######       1%          1    None
 Confusing Touch          Hex            ######       1%          1    None
 Sting                    Conj/Pois      ####         1%          1    None
 Summon Small Mammal      Summ           ####         1%          1    None
 Call Imp                 Summ           ######..     1%          2    None
 Passwall                 Tmut/Erth      ########     1%          2    None
 Poisonous Vapours        Pois/Air       ######       1%          2    None
 Slow                     Hex            ######..     1%          2    None
 Petrify                  Tmut/Erth      ########     1%          4    None
 Borgnjor's Vile Clutch   Necr/Erth      #######...   1%          5    None
 Venom Bolt               Conj/Pois      #######...   1%          5    None
 Confuse                  Hex            ######..     2%          3    None
 Gell's Gravitas          Tloc           ######....   2%          3    None
 Olgreb's Toxic Radiance  Pois           ######..     2%          4    None
 Freezing Cloud           Conj/Ice/Air   #######...   4%          6    None
 Yara's Violent Unravell  Hex/Tmut       ######....   5%          5    None
 Metabolic Englaciation   Hex/Ice        ######....   26%         5    None
 Ring of Flames           Chrm/Fire      #######...   83%         7    None


Dungeon Overview and Level Annotations

Branches:
Dungeon (15/15)            Temple (1/1) D:7            Lair (6/6) D:11
  Swamp (0/4) Lair:3       Spider (0/4) Lair:2        Slime (0/5) Lair:5
    Orc (2/2) D:11            Elf (3/3) Orc:2        Vaults (0/5) D:14
 Depths (1/5) D:15

Altars:
Ashenzari
Cheibriados
Dithmenos
Elyvilon
Fedhas
Gozag
Hepliaklqana
Kikubaaqudgha
Makhleb
Nemelex Xobeh
Okawaru
Qazlal
Ru
Sif Muna
Trog
Uskayaw
Vehumet
Wu Jian
Xom
Yredelemnul
Zin
The Shining One
Beogh
Jiyva
Lugonu

Shops:
D:10 (   Orc:1 [   Orc:2 *(!!*

Portals:
Hell: Depths:1

Annotations:
D:12 2 runed translucent doors, Jaiteiro's ghost, journeyman FoFi
Elf:3 Aizul


Message History

The blast of rock fragments hits the deep elf blademaster!!
The deep elf blademaster is severely wounded.
Unknown command.
Casting: Lee's Rapid Deconstruction (safe; 0% risk of failure)
Confirm with . or Enter, or press ? or * to list all spells.
Aiming: Lee's Rapid Deconstruction (safe; 0% risk of failure)
Press: ? - help, Dir - move target cursor A rock wall.
You feel a surge of power!
The wall shatters!
The blast of rock fragments hits the deep elf blademaster!!!
You kill the deep elf blademaster!
Vehumet accepts your kill.
You feel your power returning.
Unknown command.
There is a stone staircase leading up here.
You start resting.
The deep elf master archer wields a +0 longbow.
The deep elf master archer shoots an arrow.
The arrow hits you!!
You die...

#.).###.##.# #..
###)##...#.#### #<#
#...###..)..# #.# #..##
##.##.# #(# ##.(# #.##.#
#)# ##.#e## ##.##.#
#####). ##.##..###..##.#
#..)[.( ##.#####........#
#.###^. ##.## ##.@###..#
#.# #?. #.## ##(# #..# #.#
#.. ##.##
##..###..#####.###.. ##.##
##.#.................
##.###.####.#########.....
##.#)## #.# #.##.. ##.##
#.# ##.##.. ### #.#
##.#.#.# ##.#######.###...


You could see a deep elf master archer.

Vanquished Creatures
  Bai Suzhen (Elf:3)
  Saint Roka (Elf:2)
  Nikola (Elf:2)
  Jorgrun (D:15)
  Asterion (Elf:2)
  4 deep elf blademasters (Elf:3)
  A deep elf master archer (Elf:3)
  Kirke (Lair:5)
  A fire giant (D:15)
  A deep elf elementalist (Elf:3)
  A deep elf sorcerer (Elf:3)
  5 deep elf demonologists
  2 deep elf annihilators
  Azrael (Elf:2)
  A deep elf death mage (Elf:3)
  A spark wasp (Depths:1)
  2 ettins (Depths:1)
  A yaktaur captain (Depths:1)
  2 fire dragons (Depths:1)
  2 rakshasas (Depths:1)
  3 deep elf high priests (Elf:3)
  Fannar (D:10)
  Harold (D:11)
  6 hydras
  4 vault guards (D:14)
  A centaur warrior (D:15)
  The ghost of p0werm0de the Covert, a journeyman GnWn of Ashenzari (Orc:2)
  2 ogre magi
  29 dancing weapons
  7 death yaks (Lair:5)
  16 two-headed ogres
  A tengu warrior (D:15)
  Urug (Lair:5)
  A vampire mage (Depths:1)
  Sonja (Orc:2)
  2 orc high priests
  13 deep elf knights
  3 unseen horrors
  An orange crystal statue (Elf:2)
  11 deep elf archers
  2 orc knights
  8 orc sorcerers
  2 manticores
  49 deep elf magi
  5 cyclopes
  22 ugly things
  3 oklob plants (Lair:4)
  A shining eye (shapeshifter) (Depths:1)
  A centaur zombie (D:15)
  6 elephants
  4 black mambas
  A gargoyle (D:14)
  A guardian serpent (Elf:3)
  A torpor snail (Lair:4)
  14 spiny frogs
  A freezing wraith (D:15)
  A kobold demonologist (D:10)
  3 komodo dragons
  3 rime drakes (Lair:2)
  4 efreet
  11 polar bears
  A polar bear (shapeshifter) (D:15)
  2 tengu conjurers
  A meliai (shapeshifter) (D:14)
  5 trolls
  A queen bee (Lair:2)
  7 dream sheep (Lair:5)
  A raiju (Lair:6)
  A hornet (D:8)
  A bog body (Lair:3)
  7 blink frogs
  10 slime creatures
  16 hippogriffs
  A shadow (D:14)
  A tarantella (shapeshifter) (D:11)
  An air elemental (Elf:2)
  4 wyverns
  A vampire (D:12)
  3 water elementals
  5 humans
  A wraith (D:14)
  3 fire elementals
  65 yaks
  4 hogs (D:8)
  5 basilisks
  2 hungry ghosts
  8 vampire mosquitoes
  14 wargs
  13 water moccasins
  2 acid dragons (D:15)
  20 hell hounds
  9 porcupines
  34 orc warriors
  11 ice beasts
  14 black bears
  3 hornet zombies
  2 sky beasts
  4 phantoms
  7 necrophages
  13 ogres
  8 centaurs
  33 wolves
  13 crocodiles
  2 big kobolds
  19 bullfrogs
  A wyvern zombie (D:11)
  A wyvern skeleton (D:13)
  2 scorpions
  34 killer bees
  5 wights (D:10)
  2 electric eels
  2 jellies
  A howler monkey (D:4)
  4 crimson imps
  2 quasits
  4 bullfrog skeletons
  7 hounds
  3 bullfrog zombies
  8 centaur skeletons
  A gnoll shaman (D:5)
  36 orc priests
  39 orc wizards
  6 iguanas
  5 worker ants
  A hound zombie (D:9)
  A hound skeleton (D:7)
  A worker ant zombie (D:6)
  8 gnolls
  6 adders
  A shadow imp (D:6)
  An adder skeleton (D:4)
  2 worms (D:2)
  A dart slug (D:2)
  2 leopard geckos (D:6)
  78 orcs
  10 giant cockroaches
  5 goblins
  5 hobgoblins
  5 jackals (D:2)
  A quokka (D:10)
  A ball python (D:3)
  5 bats
  5 frilled lizards
  16 kobolds
  A leopard gecko skeleton (D:4)
  A quokka zombie (D:6)
  8 rats
  2 fungi (Lair:6)
  3 plants (Lair:6)
990 creatures vanquished.

Vanquished Creatures (others)
  A deep elf mage (Elf:1)
  A centaur simulacrum (D:14)
  7 humans (Lair:5)
  An orc (Elf:2)
  7 fungi
  8 plants
25 creatures vanquished.

Grand Total: 1015 creatures vanquished

Notes
Turn   | Place    | Note
-------+----------+-------------------------------------------
     0 | D:1      | Hasart the Deep Elf Earth Elementalist began the quest for
                  | the Orb.
     0 | D:1      | Reached XP level 1. HP: 10/10 MP: 6/6
   147 | D:1      | Reached XP level 2. HP: 15/15 MP: 5/8
   959 | D:2      | Reached XP level 3. HP: 19/19 MP: 8/10
  1366 | D:2      | Found a shimmering altar of Xom.
  1741 | D:3      | Reached XP level 4. HP: 18/24 MP: 1/11
  1804 | D:3      | Reached skill level 4 in Spellcasting
  1893 | D:3      | Noticed an ice beast
  1904 | D:3      | Killed an ice beast
  1904 | D:3      | Reached skill level 5 in Earth Magic
  1904 | D:3      | Reached XP level 5. HP: 14/28 MP: 4/13
  1970 | D:3      | Learned a level 3 spell: Stone Arrow
  2099 | D:3      | Found a deep blue altar of Sif Muna.
  2190 | D:4      | Noticed a phantom
  2203 | D:4      | Killed a phantom
  2203 | D:4      | Reached XP level 6. HP: 22/32 MP: 5/15
  2306 | D:4      | Reached skill level 5 in Spellcasting
  2436 | D:4      | Learned a level 5 spell: Lee's Rapid Deconstruction
  3109 | D:4      | Reached skill level 5 in Dodging
  3109 | D:4      | Reached XP level 7. HP: 36/36 MP: 10/17
  3339 | D:4      | Found a bloodstained altar of Trog.
  3466 | D:5      | Entered Level 5 of the Dungeon
  3709 | D:5      | Reached skill level 1 in Conjurations
  4067 | D:5      | Reached skill level 6 in Spellcasting
  4829 | D:6      | Reached XP level 8. HP: 41/41 MP: 12/19
  5584 | D:6      | Reached skill level 7 in Spellcasting
  6098 | D:7      | Reached skill level 5 in Conjurations
  6225 | D:7      | Got a heavily runed ring mail
  6226 | D:7      | Identified the +1 ring mail of Distant Worlds {rC+++ Dex-4}
                  | (You found it on level 7 of the Dungeon)
  6523 | D:7      | Found a staircase to the Ecumenical Temple.
  6534 | Temple   | Entered the Ecumenical Temple
  6669 | Temple   | Became a worshipper of Vehumet
  7067 | D:7      | Reached skill level 8 in Spellcasting
  7121 | D:7      | Reached XP level 9. HP: 44/45 MP: 16/23
  7477 | D:8      | Learned a level 2 spell: Blink
  8006 | D:8      | Reached skill level 9 in Spellcasting
  8011 | D:8      | Noticed a two-headed ogre
  8017 | D:8      | Killed a two-headed ogre
  8475 | D:8      | Reached XP level 10. HP: 50/50 MP: 14/25
  8653 | D:9      | Reached * piety under Vehumet
  8653 | D:9      | Offered knowledge of Flame Tongue by Vehumet.
  8705 | D:9      | Reached skill level 10 in Spellcasting
  8803 | D:9      | Noticed a two-headed ogre
  8814 | D:9      | Killed a two-headed ogre
  8814 | D:9      | Reached skill level 10 in Conjurations
  8822 | D:9      | Reached skill level 10 in Earth Magic
  9707 | D:10     | Entered Level 10 of the Dungeon
  9710 | D:10     | Noticed a sun demon
  9716 | D:10     | Reached skill level 1 in Evocations
 10022 | D:10     | Noticed Fannar
 10075 | D:10     | Reached skill level 11 in Spellcasting
 10255 | D:10     | Noticed a two-headed ogre
 10260 | D:10     | Killed a two-headed ogre
 10764 | D:10     | Reached XP level 11. HP: 54/54 MP: 18/28
 10820 | D:10     | Found Qoom's Weapon Boutique.
 10864 | D:10     | Noticed a two-headed ogre
 10870 | D:10     | Killed a two-headed ogre
 11252 | D:11     | Offered knowledge of Freeze by Vehumet.
 11324 | D:11     | Reached ** piety under Vehumet
 11324 | D:11     | Reached skill level 12 in Spellcasting
 11532 | D:11     | Noticed Harold
 11969 | D:10     | Killed Fannar
 12726 | D:11     | Found a staircase to the Lair.
 12751 | D:11     | Killed an unseen horror
 12936 | D:11     | Offered knowledge of Inner Flame by Vehumet.
 13049 | D:11     | Killed Harold
 13049 | D:11     | Reached skill level 1 in Fighting
 13782 | D:11     | Noticed a lindwurm
 13782 | D:11     | a wind drake changed into a lindwurm
 13783 | D:11     | Noticed a glowing orange brain
 13783 | D:11     | a lindwurm changed into a glowing orange brain
 13786 | D:11     | Noticed a mana viper
 13786 | D:11     | a glowing orange brain changed into a mana viper
 13792 | D:11     | a mana viper changed into a snapping turtle
 13950 | D:11     | Reached skill level 13 in Spellcasting
 14231 | D:11     | Found a staircase to the Orcish Mines.
 14469 | D:11     | Got a pair of fine gloves
 14480 | D:11     | Identified the cursed -2 pair of gloves "Buossop" {rPois
                  | rF++ Int+2 Dex+2} (You found it on level 11 of the Dungeon)
 14979 | D:12     | Found a runed translucent door.
 14980 | D:12     | Noticed a skeletal warrior
 14983 | D:12     | Reached skill level 5 in Evocations
 14990 | D:12     | Found a runed translucent door.
 15064 | D:12     | Reached *** piety under Vehumet
 15137 | D:12     | Noticed a cyan ugly thing
 15146 | D:12     | Killed a cyan ugly thing
 15332 | D:12     | Killed an unseen horror
 15332 | D:12     | Reached XP level 12. HP: 12/64 MP: 16/31
 15738 | D:12     | Offered knowledge of Fulminant Prism by Vehumet.
 15742 | D:12     | Reached skill level 14 in Spellcasting
 16055 | D:12     | Noticed a war gargoyle
 16055 | D:12     | Noticed a lich
 16055 | D:12     | Noticed a stone giant
 16059 | D:12     | Noticed Jaiteiro's ghost (journeyman FoFi)
 17724 | D:13     | Noticed a two-headed ogre
 17827 | D:13     | Killed a two-headed ogre
 17898 | D:13     | Noticed a two-headed ogre
 17903 | D:13     | Killed a two-headed ogre
 17952 | D:13     | Noticed a seven-headed hydra
 17961 | D:13     | Killed a seven-headed hydra
 18317 | D:13     | Reached **** piety under Vehumet
 18317 | D:13     | Reached skill level 15 in Spellcasting
 18753 | D:13     | Offered knowledge of Bolt of Magma by Vehumet.
 18865 | D:13     | Learned a level 5 spell: Bolt of Magma
 19204 | D:14     | Reached skill level 1 in Fire Magic
 19541 | D:14     | Reached XP level 13. HP: 55/70 MP: 14/34
 20110 | D:14     | Reached skill level 16 in Spellcasting
 20576 | D:14     | Reached ***** piety under Vehumet
 20776 | D:14     | Reached skill level 5 in Fire Magic
 20845 | D:14     | Offered knowledge of Orb of Destruction by Vehumet.
 20870 | D:14     | Learned a level 7 spell: Orb of Destruction
 20975 | D:14     | Found a gate to the Vaults.
 21821 | D:15     | Entered Level 15 of the Dungeon
 21885 | D:15     | Found a staircase to the Depths.
 21885 | D:15     | Noticed a fire giant
 21895 | D:15     | Reached skill level 17 in Spellcasting
 22118 | Orc:1    | Entered Level 1 of the Orcish Mines
 22449 | Orc:2    | Entered Level 2 of the Orcish Mines
 22722 | Orc:1    | Found a roughly hewn altar of Beogh.
 23026 | Orc:1    | Found Zeupimu's Antique Armour Shop.
 23233 | Orc:2    | Noticed Sonja
 23234 | Orc:2    | Killed Sonja
 23334 | Orc:2    | Found a staircase to the Elven Halls.
 23345 | Orc:2    | Found a runed translucent gate.
 23346 | Orc:2    | Found a runed translucent gate.
 23347 | Orc:2    | Found an opulent altar of Gozag.
 23347 | Orc:2    | Found a runed translucent gate.
 23349 | Orc:2    | Found Meiq's Assorted Antiques.
 23349 | Orc:2    | Noticed p0werm0de's ghost (journeyman GnWn)
 23687 | Orc:2    | Offered knowledge of Bolt of Fire by Vehumet.
 23830 | Orc:2    | Reached XP level 14. HP: 76/76 MP: 13/37
 25143 | Orc:2    | Found Urozeu's Distillery.
 25143 | Orc:2    | Found Hanko's Assorted Antiques.
 25146 | Orc:2    | Found Kokhlenum's Antique Weapon Shop.
 25148 | Orc:2    | Found Nunaad's Distillery.
 25153 | Orc:2    | Bought a shimmering hand axe for 224 gold pieces
 25153 | Orc:2    | Bought an amethyst potion for 25 gold pieces
 25153 | Orc:2    | Bought a scroll of teleportation for 84 gold pieces
 25153 | Orc:2    | Identified the +11 hand axe "Hoany" {flame, *Noise Str+6
                  | Int+2 Stlth+} (You bought it in a shop on level 2 of the
                  | Orcish Mines)
 25347 | Lair:1   | Entered Level 1 of the Lair of Beasts
 26067 | Lair:2   | Found a hole to the Spider Nest.
 26500 | Lair:2   | Offered knowledge of Iron Shot by Vehumet.
 26500 | Lair:2   | Reached skill level 18 in Spellcasting
 26517 | Lair:2   | Reached skill level 1 in Shields
 26726 | Lair:2   | Learned a level 6 spell: Iron Shot
 29114 | Lair:3   | Found a staircase to the Swamp.
 29273 | Lair:3   | Identified a scroll of acquirement
 29274 | Lair:3   | Got a pair of spiked gloves
 29275 | Lair:3   | Identified the +2 pair of gloves "Oliokk" {*Corrode MR-
                  | Str+8 Dex+6} (You acquired it on level 3 of the Lair of
                  | Beasts)
 29832 | Lair:4   | Offered knowledge of Irradiate by Vehumet.
 29837 | Lair:4   | Learned a level 3 spell: Mephitic Cloud
 29987 | Lair:4   | Found a runed translucent door.
 30178 | Lair:4   | Identified the Almanac of Poison and Stones
 30407 | Lair:4   | Got a polished longbow
 30422 | Lair:4   | Identified the cursed +1 longbow of Destruction {freeze,
                  | +Inv Str-2 SInv} (You found it on level 4 of the Lair of
                  | Beasts)
 30664 | Lair:5   | Noticed Kirke
 30668 | Lair:5   | Killed Kirke
 30811 | Lair:5   | Noticed Urug
 30936 | Lair:5   | Killed Urug
 30966 | Lair:5   | Reached XP level 15. HP: 80/80 MP: 4/39
 31172 | Lair:5   | Found a staircase to the Slime Pits.
 31172 | Lair:5   | Found a viscous altar of Jiyva.
 31346 | Lair:5   | Got a dazzling glaive
 31347 | Lair:5   | Identified the cursed +2 glaive of the Vanishing Realms
                  | {drain, +Inv MR+ Str+5} (You found it on level 5 of the
                  | Lair of Beasts)
 32937 | Lair:6   | Entered Level 6 of the Lair of Beasts
 32942 | Lair:6   | Offered knowledge of Ozocubu's Refrigeration by Vehumet.
 33474 | Lair:6   | Reached skill level 19 in Spellcasting
 35553 | D:15     | Reached skill level 15 in Earth Magic
 36125 | D:15     | Noticed Jorgrun
 36130 | D:15     | Killed Jorgrun
 36234 | D:15     | Found a sacrificial altar of Ru.
 36503 | D:15     | Found a blossoming altar of Fedhas.
 36583 | D:15     | Killed a fire giant
 36740 | D:15     | Offered knowledge of Poison Arrow by Vehumet.
 36740 | D:15     | Reached XP level 16. HP: 84/84 MP: 23/41
 37155 | Depths:1 | Entered Level 1 of the Depths
 37155 | Depths:1 | Found a corrupted altar of Lugonu.
 37187 | Depths:1 | Identified Lugonu's Disquisition on Battle Magic
 37218 | Depths:1 | Reached skill level 10 in Dodging
 37226 | Depths:1 | Reached skill level 15 in Conjurations
 37690 | Depths:1 | Found a gateway to Hell.
 38350 | Elf:1    | Entered Level 1 of the Elven Halls
 38496 | Orc:2    | Killed p0werm0de's ghost
 39406 | Elf:1    | Reached skill level 5 in Shields
 39661 | Elf:1    | Reached skill level 20 in Spellcasting
 40585 | Elf:2    | Offered knowledge of Bolt of Cold by Vehumet.
 40668 | Elf:2    | Found a huge runed translucent gate.
 40668 | Elf:2    | Found a huge runed translucent gate.
 40668 | Elf:2    | Found a huge runed translucent gate.
 40668 | Elf:2    | Found a huge runed translucent gate.
 40668 | Elf:2    | Found a huge runed translucent gate.
 40671 | Elf:2    | Noticed Azrael
 40810 | Elf:2    | Noticed Asterion
 40812 | Elf:2    | Killed Asterion
 40954 | Elf:2    | Reached XP level 17. HP: 74/88 MP: 30/43
 41243 | Elf:2    | Noticed Nikola
 41269 | Elf:2    | Killed Nikola
 41547 | Elf:2    | Noticed Saint Roka
 41693 | Elf:2    | Killed Saint Roka
 42384 | Elf:2    | Killed Azrael
 42736 | Elf:3    | Entered Level 3 of the Elven Halls
 43154 | Elf:3    | Noticed Bai Suzhen
 43168 | Elf:3    | Killed Bai Suzhen
 43729 | Elf:3    | Noticed a deep elf blademaster
 43732 | Elf:3    | Reached skill level 21 in Spellcasting
 43732 | Elf:3    | Noticed Aizul
 43735 | Elf:3    | Noticed a deep elf blademaster
 43736 | Elf:3    | Killed a deep elf blademaster
 43955 | Elf:3    | Noticed a deep elf blademaster
 43958 | Elf:3    | Killed a deep elf blademaster
 43959 | Elf:3    | HP: 3/88 [+2 vampiric glaive (31)]
 44102 | Elf:3    | Noticed a deep elf master archer
 44105 | Elf:3    | Killed a deep elf master archer
 44181 | Elf:3    | Noticed a deep elf blademaster
 44187 | Elf:3    | Killed a deep elf blademaster
 44194 | Elf:3    | Reached XP level 18. HP: 91/94 MP: 26/45
 44218 | Elf:3    | Reached ****** piety under Vehumet
 44347 | Elf:3    | Shot with an arrow by a deep elf master archer

Skill      XL: |  1  2  3  4  5  6  7  8  9 10 11 12 13 14 15 16 17 |
---------------+----------------------------------------------------+-----
Earth Magic    | 4 5 6 7 8 9 10 11 12 13 14 15 17 18 | 18.8
Dodging        | 3 4 5 6 8 9 10 | 10.0
Spellcasting   | 4 5 6 8 9 11 13 15 17 18 19 20 21 | 21.2
Conjurations   | 3 6 9 10 11 12 13 14 15 16 | 16.7
Evocations     | 2 5 |  5.0
Fighting       | 2 4 |  4.0
Fire Magic     | 2 6 7 8 |  8.0
Shields        | 3 4 5 7 |  7.0
Stealth        | |  2.4
Transmutations | |  1.1

Action                   |  1- 3 |  4- 6 |  7- 9 | 10-12 | 13-15 | 16-18 || total
-------------------------+-------+-------+-------+-------+-------+-------++-------
Melee: Unarmed           |     8 |       |       |       |       |       ||     8
       Dagger            |    30 |       |     8 |    27 |     6 |       ||    71
       Mace              |       |     8 |    19 |       |       |       ||    27
       Scimitar          |       |       |       |       |    38 |       ||    38
       Hand axe          |       |       |       |       |    53 |    12 ||    65
 Cast: Sandblast         |    67 |    37 |     5 |    10 |    12 |     1 ||   132
       Stone Arrow       |       |    15 |   110 |   260 |   348 |    31 ||   764
       Lee's Rapid Decon |       |     1 |    16 |   122 |   236 |   106 ||   481
       Blink             |       |       |       |     3 |     1 |       ||     4
       Iron Shot         |       |       |       |       |   164 |   156 ||   320
Evoke: Wand              |       |       |       |       |     2 |       ||     2
  Use: Potion            |       |       |     6 |     5 |     1 |     1 ||    13
       Scroll            |       |       |     3 |       |    21 |     5 ||    29
 Stab: Sleeping          |     1 |       |       |       |       |       ||     1
       Distracted        |       |       |       |       |     1 |       ||     1
  Eat: Chunk             |     2 |     5 |    20 |    16 |    44 |    10 ||    97
       Ration            |       |       |       |     8 |     2 |     4 ||    14
Armor: Robe              |    12 |     3 |    15 |    29 |    18 |     2 ||    79
Dodge: Dodged            |    51 |    19 |    53 |   123 |   205 |    58 ||   509
Block: Buckler           |       |       |       |       |       |    12 ||    12
       Rpst.: Scimitar   |       |       |       |       |    10 |       ||    10
